 Dungeon Crawl Stone Soup version 0.21.1-1-g345015f (webtiles) character file.

336 inc the Sneak (level 6, -4/24 HPs)
             Began as a Felid Enchanter on Feb 25, 2018.
             Killed by divine providence
             ... invoked by an orc priest
              (12 damage)
             ... on level 4 of the Dungeon.
             The game lasted 00:07:31 (4105 turns).

inc the Sneak (Felid Enchanter)                     Turns: 4105, Time: 00:07:32

Health: -4/24      AC:  2    Str:  4    XL:     6   Next: 28%
Magic:  10/10      EV: 18    Int: 18    God:
Gold:   116        SH:  0    Dex: 17    Spells: 6/9 levels left
                                        Lives:  0   Deaths: 1

rFire    . . .     SeeInvis +     - Unarmed
rCold    . . .     Gourm    .   (shield unavailable)
rNeg     . . .     Faith    .   (armour unavailable)
rPois    .         Spirit   .   (helmet unavailable)
rElec    .         Reflect  .   (cloak unavailable)
rCorr    .         Harm     .   (gloves unavailable)
MR       .....                  (boots unavailable)
Stlth    ++++......             (no amulet)
HPRegen  0.08/turn              (no ring)
MPRegen  0.12/turn              (no ring)

@: quick
A: very small, no armour, no weapons or thrown items, stealth, claws 1, fangs 3,
see invisible, carnivore, speed 1, shaggy fur 2, slow metabolism 1, sharp paws
a: no special abilities


You were on level 4 of the Dungeon.
You were not hungry.

You visited 1 branch of the dungeon, and saw 4 of its levels.

You collected 116 gold pieces.

Inventory:

Jewellery
 f - an uncursed ring of protection from fire {unknown}
Scrolls
 c - a scroll of teleportation {unknown}
 d - 3 scrolls of magic mapping {unknown}
 k - a scroll of remove curse {unknown}
 n - a scroll of noise {unknown}
 o - a scroll of enchant armour {unknown}
 p - a scroll of identify {unknown}
 q - a scroll of fog {unknown}
Potions
 e - a potion of berserk rage {unknown}
 g - a potion of heal wounds {unknown}
 h - a potion of haste {unknown}
 i - a potion of degeneration {unknown}
 j - a potion of curing {unknown}
 l - a potion of brilliance {unknown}
 m - 2 potions of might {unknown}
Books
 a - a book of Maledictions

   Spells                             Type                      Level
   a - Corona                         Hexes                        1
   b - Ensorcelled Hibernation        Hexes/Ice                    2
   c - Confuse                        Hexes                        3
   d - Tukima's Dance                 Hexes                        3
   e - Dazzling Spray                 Conjuration/Hexes            3
Comestibles
 b - 3 rations


   Skills:
 - Level 2.6 Dodging
 + Level 7.6 Stealth
 - Level 5.2 Unarmed Combat
 - Level 2.0 Spellcasting
 - Level 4.4 Hexes


You had 6 spell levels left.
You knew the following spells:

 Your Spells              Type           Power        Failure   Level  Hunger
a - Corona                Hex            ###....      3%          1    #......
b - Ensorcelled Hibernat  Hex/Ice        #.....       11%         2    ###....


Dungeon Overview and Level Annotations

Branches:
Dungeon (4/15)
 Temple: D:4-7

Altars:
Cheibriados

Annotations:
D:3 Grinder; KMICIC's ghost, amateur MiBe


Innate Abilities, Weirdness & Mutations

You cannot wear armour.
You are incapable of wielding weapons or throwing items.
Your paws allow you to move quietly. (Stealth)
You have sharp claws.
You have razor-sharp teeth.
You have supernaturally acute eyesight. (SInv)
You are carnivorous and can eat meat at any time.
You cover ground quickly.
You are covered in thick fur. (AC +2)
You have a slow metabolism.
Your sharp claws are effective at attacking unaware monsters.


Message History

There is an open door here.
The orc shouts!
An orc comes into view. It is wielding a mace.
The orc shouts!
Found 16 gold pieces.
Found 10 gold pieces.
The orc hits you.
The orc priest calls down the wrath of Beogh upon you.
Beogh smites you!
Ouch! That really hurt!
The orc priest looks satisfied for a moment.
The orc barely misses you. The orc hits you.
There is an open door, spattered with blood here.
Items here: ) [ †† a falchion; a leather armour; an orc corpse; a worker ant corpse The orc priest invokes the aid of Beogh against you.
Beogh smites you!
Ouch! That really hurt!
You die...

...........'.....#....... ##
##.....##############
...##....†##...##......# ..
...........÷............. ..
............)............ ......#
......................... .##...#
########...##############
.##...####..####...##...##....###
o#..........^..#@..#....[.....#..
.#............oo...#..........#..
.#.............#...#..........#..
.#.........o...#...#..........#..
.'..........o..#...#..........†..
.#.............#...#..........#..
.#.............#...#..........#..
.#..######.##.##.####.#..#...###.
#####$..##.####### ############.


You could see an orc priest and 3 orcs.

Vanquished Creatures
  An ogre (D:4)
  A scorpion (D:4)
  A centaur skeleton (D:4)
  A hound (D:4)
  An iguana (D:4)
  3 worker ants (D:4)
  6 adders
  2 oozes
  3 worms
  3 dart slugs
  A leopard gecko (D:1)
  4 orcs
  4 giant cockroaches
  7 goblins
  6 hobgoblins
  4 jackals (D:2)
  A quokka (D:4)
  2 ball pythons
  7 bats
  A frilled lizard (D:2)
  2 kobolds
  5 rats
66 creatures vanquished.

Notes
Turn   | Place    | Note
-------+----------+-------------------------------------------
     0 | D:1      | inc the Felid Enchanter began the quest for the Orb.
     0 | D:1      | Reached XP level 1. HP: 7/7 MP: 4/4
   182 | D:1      | Reached XP level 2. HP: 4/11 MP: 3/6
  1476 | D:2      | Learned a level 2 spell: Ensorcelled Hibernation
  1481 | D:2      | Reached XP level 3. HP: 14/14 MP: 4/7
  2980 | D:3      | Reached XP level 4. HP: 18/18 MP: 6/8
  2999 | D:3      | Found a snail-covered altar of Cheibriados.
  3054 | D:3      | Noticed Grinder
  3356 | D:3      | Noticed KMICIC's ghost (amateur MiBe)
  3415 | D:4      | Reached XP level 5. HP: 21/21 MP: 9/9
  3430 | D:4      | Reached skill level 5 in Unarmed Combat
  3440 | D:4      | Noticed an ogre
  3479 | D:4      | Mangled by an ogre
  3480 | D:4      | Reached XP level 4. HP: -9/18 MP: 1/8
  3545 | D:4      | Reached skill level 5 in Stealth
  3545 | D:4      | Reached XP level 5. HP: 4/21 MP: 9/9
  3852 | D:4      | Killed an ogre
  3852 | D:4      | Reached skill level 6 in Stealth
  3929 | D:4      | Reached skill level 7 in Stealth
  3929 | D:4      | Gained mutation: You are covered in thick fur. (AC +2) [Felid growth]
  3929 | D:4      | Reached XP level 6. HP: 21/24 MP: 3/10
  4105 | D:4      | Killed from afar by an orc priest

Skill      XL: |  1  2  3  4  5 |
---------------+----------------+-----
Unarmed Combat | 2 3 4 5 |  5.2
Stealth        | 5 7 |  7.6
Dodging        | |  2.6
Spellcasting   | |  2.0
Hexes          | |  4.4

Action                   |  1- 3 |  4- 6 || total
-------------------------+-------+-------++-------
Melee: Unarmed           |    84 |    52 ||   136
       Bite              |     4 |     2 ||     6
 Cast: Corona            |     7 |       ||     7
       Ensorcelled Hiber |    19 |    27 ||    46
 Stab: Sleeping          |    22 |    22 ||    44
  Eat: Chunk             |     9 |     3 ||    12
       Ration            |       |     1 ||     1
Armor: Skin              |     1 |     2 ||     3
Dodge: Dodged            |    59 |    31 ||    90
